 Dungeon Sprint DCSS version 0.29.1-2-gbd0b4ee654 (webtiles) character file.

Game seed: 17105415471645326911

5 Groucho the Ducker (level 1, 0/10 HPs)
             Began as a Felid Berserker on Nov 17, 2022.
             Was a Believer of Trog.
             Slain by a phantom (8 damage)
             ... in the Dungeon (Sprint IX: "|||||||||||||||||||||||||||||").
             The game lasted 00:00:13 (383 turns).

Groucho the Ducker (Felid Berserker)                 Turns: 383, Time: 00:00:14

Health: 0/10       AC:  1    Str: 13    XL:     1   Next: 66%
Magic:  2/2        EV: 18    Int:  8    God:    Trog [**....]
Gold:   0          SH:  0    Dex: 15    Spells: 0/0 levels left
                                        Lives:  0   Deaths: 0

rFire   . . .      SeeInvis +     - Unarmed
rCold   . . .      Faith    .   (shield unavailable)
rNeg    . . .      Spirit   .   (body armour unavailable)
rPois   .          Reflect  .   (helmet unavailable)
rElec   .          Harm     .   (cloak unavailable)
rCorr   .          Rampage  .   (gloves unavailable)
Will    ++...      NoTele   +   (boots unavailable)
Stlth   ++........              (no amulet)
HPRegen 1.03/turn               (no ring)
MPRegen 0.08/turn               (no ring)

@: strong-willed (expiring), regenerating (expiring), quick
A: very small, claws 1, fangs 3, see invisible, speed 1, shaggy fur 1, stealthy
paws, no weapons or thrown items, no armour, multi-lived
a: Renounce Religion, Berserk, Trog's Hand


You were in the Dungeon.
You worshipped Trog.
Trog was pleased with you.
You visited 1 branch

Inventory:

Scrolls
 f - a scroll of blinking
Potions
 a - a potion of curing
 b - a potion of heal wounds
 c - a potion of haste
 d - 2 potions of magic
 e - a potion of berserk rage


   Skills:
 + Level 3.3 Fighting
 + Level 4.5 Dodging
 * Level 2.9 Stealth
 + Level 3.3 Unarmed Combat


You couldn't memorise any spells.
You didn't know any spells.
Your spell library was empty.

Dungeon Overview and Level Annotations

Branches:
Dungeon (1/1)

Altars:


Innate Abilities, Weirdness & Mutations

You have sharp claws.
You have razor-sharp teeth.
You have supernaturally acute eyesight. (SInv)
You cover ground quickly. (Speed+)
You are covered in fur. (AC +1)
Your paws help you pounce on unaware monsters.
You are incapable of wielding weapons or throwing items.
You cannot wear armour.
You gain extra lives every three experience levels.


Message History

Done waiting.
You start waiting.
Done waiting.
Your skin crawls.
You feel strong-willed.
You open the door.
An orc, an ice beast, an adder, a howler monkey and a phantom come into view.
The orc shouts!
The phantom hits you.
There is an open door here.
The adder hisses angrily.
The howler monkey howls!
You scratch the phantom.
The phantom is moderately damaged.
The phantom completely misses you.
You barely miss the phantom. You bite the phantom.
The phantom is heavily damaged.
The phantom barely misses you.
You miss the phantom. You bite the phantom.
The phantom is heavily damaged.
The phantom barely misses you.
You scratch the phantom.
The phantom is severely damaged.
The phantom hits you but does no damage.
You barely miss the phantom. Your claw misses the phantom.
The phantom is severely damaged.
You feel the effects of Trog's Hand fading.
The phantom hits you.
Unknown command.
You scratch the phantom but do no damage.
The phantom is severely damaged.
The phantom misses you.
You closely miss the phantom.
The phantom is severely damaged.
The phantom closely misses you.
Unknown command.
You scratch the phantom but do no damage.
The phantom is severely damaged.
The phantom hits you!
Ouch! That really hurt!
You die...

▓+▓
▓o▓
▓Y▓
▓S▓
▓h▓
▓W▓
▓@▓
▓.▓
▓.▓
▓.▓
▓.▓
▓)▓
▓'▓
▓.▓
▓.▓


You could see an ice beast, a phantom, a howler monkey, an adder and an orc.

Vanquished Creatures
  A ball python (D)
  An endoplasm (D)
  A goblin (D)
  A kobold (D)
  A rat (D)
5 creatures vanquished.

Notes
Turn   | Place    | Note
-------+----------+-------------------------------------------
     0 | D        | Groucho the Felid Berserker began the quest for the Orb.
     0 | D        | Reached XP level 1. HP: 10/10 MP: 2/2
     7 | D        | Reached skill level 1 in Stealth
     9 | D        | Reached ** piety under Trog
   374 | D        | Noticed an ice beast
   374 | D        | Noticed a howler monkey
   374 | D        | Noticed a phantom
   383 | D        | Slain by a phantom

Illustrated notes

Levels and vault maps discovered:
D:        linesprint [early_d, line_temple, items_1, d_10, items_2, lair_1,
          lair_end, items_3, orc_1, orc_end, items_4, d_15, swamp_1, shoals_1,
          snake_1, spider_1, d_20, vaults_1, items_5, swamp_end, shoals_end,
          snake_end, spider_end, vaults_end, d_27, items_6, zot_1, zot_end,
          crypt_end, forest_end, elf_end, slime_end, tomb_end, abyss_end,
          pan_hell_end]

Skill      XL: |  1 |
---------------+----+-----
Stealth        | 2 |  2.9
Fighting       | |  3.3
Dodging        | |  4.5
Unarmed Combat | |  3.3

Action                   || total
-------------------------++-------
Melee: Unarmed           ||    16
       Bite              ||     2
       Punch             ||     1
Invok: Trog's Hand       ||     1
Armor: Skin              ||     1
Dodge: Dodged            ||     6
